 Dungeon Crawl Stone Soup version 0.31.0-9-g3a7656b989 (webtiles) character file.

Game seed: 1003564523391331315

120 Kass the Covered (level 5, 0/33 HPs)
             Began as a Gargoyle Fighter on Jan 31, 2024.
             Slain by an orc
             ... wielding a +0 dagger
              (3 damage)
             ... on level 3 of the Dungeon.
             The game lasted 00:02:44 (1659 turns).

Kass the Covered (Gargoyle Fighter)                 Turns: 1659, Time: 00:02:45

Health: 0/33       AC: 12    Str: 22    XL:     5   Next: 4%
Magic:  5/5        EV:  9    Int:  8    God:
Gold:   91         SH:  4    Dex:  9    Spells: 4/4 levels left

rFire   . . .        k - +2 hand axe (venom)
rCold   . . .        c - +0 buckler
rNeg    + . .        b - +0 scale mail
rPois   ∞            (no helmet)
rElec   +            (no cloak)
rCorr   .            (no gloves)
SInv    .            o - +0 pair of boots
Will    .....        (no amulet) Stlth
                     (no ring)
HPRegen 0.25/turn    (no ring)
MPRegen 0.09/turn

%: no passive effects
@: no status effects
A: sickness immunity, AC +4, negative energy resistance 1, electricity
resistance, torment resistance 1, petrification resistance
a: no special abilities


You were on level 3 of the Dungeon.
You visited 1 branch of the dungeon, and saw 3 of its levels.

You collected 91 gold pieces.

Inventory:

Hand Weapons
 a - a +0 war axe
 k - a +2 hand axe of venom (weapon)
Missiles
 s - 3 poisoned darts (quivered)
Armour
 b - a +0 scale mail (worn)
 c - a +0 buckler (worn)
 o - a +0 pair of boots (worn)
Jewellery
 r - a ring of positive energy
Wands
 t - a wand of mindburst (13)
Scrolls
 f - 2 scrolls of teleportation {unknown}
 g - a scroll of identify {unknown}
 h - a scroll of amnesia {unknown}
 l - a scroll of noise {unknown}
 m - a scroll of poison {unknown}
 n - a scroll of fog {unknown}
 p - a scroll of revelation {unknown}
Potions
 d - a potion of might
 e - a potion of berserk rage {unknown}
 i - a potion of heal wounds {unknown}
 j - 3 potions of curing {unknown}
 q - a potion of cancellation {unknown}


   Skills:
 + Level 4.1 Fighting
 + Level 2.6 Axes
 + Level 4.2 Armour
 + Level 4.1 Shields


You had 4 spell levels left.
You didn't know any spells.
Your spell library contained the following spells:

 Spells                   Type           Power      Damage    Failure   Level
 Magic Dart               Conj           0%         1d3       80%         1
 Blink                    Tloc           0%         N/A       90%         2
 Call Imp                 Summ           0%         N/A       90%         2


Dungeon Overview and Level Annotations

Branches:
Dungeon (3/15)

Altars:


Innate Abilities, Weirdness & Mutations

You are immune to sickness and miasma.
Your stone body is resilient. (AC +4)
You are immune to poison.
You resist negative energy. (rN+)
You are resistant to electric shocks. (rElec)
You are resistant to unholy torment.
You are immune to petrification.


Message History

You hit the orc.
The orc is poisoned.
The orc is heavily wounded.
The orc hits you but does no damage.
You closely miss the orc.
The orc is heavily wounded.
The orc priest invokes the aid of Beogh against you.
Beogh smites you! The orc hits you but does no damage.
You hit the orc.
You kill the orc!
You block the orc priest's attack.
You barely miss the orc priest.
The orc priest mumbles some strange prayers to Beogh against you.
You are unaffected.
You hit the orc priest but do no damage.
The orc priest is poisoned.
You block the orc priest's attack.
You closely miss the orc priest.
The orc priest is lightly wounded.
The orc priest looks braver for a moment.
You hit the orc priest.
The orc priest is moderately wounded.
The orc priest hits you with a +0 flail.
The orc priest hits you with a +0 flail!
* * * LOW HITPOINT WARNING * * *
You hit the orc priest.
The orc priest looks as sick as possible!
The orc priest is heavily wounded.
The orc priest hits you with a +0 flail.
* * * LOW HITPOINT WARNING * * *
You hit the orc priest.
The orc priest is severely wounded.
You kill the orc priest!
The orc hits you but does no damage.
You have reached level 5!
You barely miss the orc. The orc closely misses you.
You barely miss the orc. The orc hits you with a +0 dagger.
* * * LOW HITPOINT WARNING * * *
You hit the orc.
The orc is poisoned.
The orc is severely wounded.
The orc hits you with a +0 dagger.
You die...

#...... #.... ..... #.<..
... #.... #o# ####. #.#
#### #o# #... #.# #.##
#######.# #.## #....@oo#
#.#. #####.####### #.#.
#..†........# #.#.
#.###.......# #######.#.
#.# #.#.#########.......#.
#.# ##### #.....#.#######.
#.#########.###.#.#.#####.
#...........# #.#.#.......
############# #.#.#.###.#.


You could see 2 orcs.

Vanquished Creatures
  An orc priest (D:3)
  2 adders (D:2)
  A gnoll (D:1)
  4 orcs (D:3)
  10 ball pythons
  8 bats
  2 endoplasms
  7 goblins
  8 hobgoblins
  4 jackals (D:3)
  2 kobolds (D:1)
  A quokka (D:1)
  3 frilled lizards
  4 rats
57 creatures vanquished.

Notes
Turn   | Place    | Note
-------+----------+-------------------------------------------
     0 | D:1      | Kass the Gargoyle Fighter began the quest for the Orb.
     0 | D:1      | Reached XP level 1. HP: 14/14 MP: 1/1
   147 | D:1      | Reached XP level 2. HP: 3/19 MP: 2/2
   309 | D:1      | Reached XP level 3. HP: 19/23 MP: 3/3
   323 | D:1      | Found a faded altar of an unknown god.
   932 | D:2      | Reached XP level 4. HP: 27/29 MP: 4/4
  1657 | D:3      | Reached XP level 5. HP: 3/33 MP: 5/5
  1659 | D:3      | Slain by an orc

Illustrated notes

Levels and vault maps discovered:
D:1:      scummos_arrival_star, layout_loops_ring,
          chequers_ecumenical_altar_simple, nicolae_figureground_pulse
D:2:      layout_rooms, minmay_pentomino_u2
D:3:      layout_basic, minmay_circle_x

Skill      XL: |  1  2  3  4 |
---------------+-------------+-----
Axes           | 2 |  2.6
Armour         | 4 |  4.2
Fighting       | 4 |  4.1
Shields        | 4 |  4.1

Action                     |  1- 3 |  4- 6 || total
---------------------------+-------+-------++-------
  Melee: War axe           |    76 |       ||    76
         Hand axe          |     8 |    49 ||    57
 Armour: Scale mail        |    62 |    24 ||    86
  Dodge: Dodged            |    58 |    15 ||    73
  Block: Buckler           |    32 |     4 ||    36
